[ AOE2 MATCH · #505951284 ]
UnrankedKoreans vs Celts
Player's team · LOSS
Rival team · WIN
[ REPLAY ANALYSIS · EXTRACTED FROM THE RECORDED GAME ]
Feudal
8:50
Castle
13:13
Imperial
—
| APM avg | 80.1 |
| APM peak | 116 |
| eAPM avg | 37.8 |
| Villagers / military | 114 / 25 |
Focus
⚔️ 44.8% · 🌾 55.2%
Archer ×22 · Spearman ×2 · Iron Pagoda ×1
Feudal
9:08
Castle
12:56
Imperial
—
| APM avg | 63.5 |
| APM peak | 86 |
| eAPM avg | 37.4 |
| Villagers / military | 88 / 50 |
Focus
⚔️ 51.3% · 🌾 48.7%
Woad Raider ×34 · Battering Ram ×12 · Mangonel ×4
Match map
Initial resources + every placement click. Lines = walls · curves = elevation contours. ◆ gold · ⬟ stone · ● berries · ✦ relic · ◌ wall gap
Your base· Open — unwalled flank
Oni.FreakinAndy's base· Open — unwalled flank
Smoothed initial terrain · ◌ = detected wall gap · hover for details
Inputs per minute
— [TMG] Lucipher - - Oni.FreakinAndy
Build order — [TMG] Lucipher
First 150 of 207 actions detected
| 0:00 | Queue | Villager (Male) |
| 0:00 | Queue | Villager (Male) |
| 0:01 | Queue | Villager (Male) |
| 0:02 | Build | House |
| 0:02 | Build | House |
| 0:05 | Build | House |
| 0:14 | Queue | Villager (Male) |
| 0:47 | Research | Loom |
| 0:47 | Research | Loom |
| 1:03 | Queue | Villager (Male) |
| 1:18 | Queue | Villager (Male) |
| 1:18 | Queue | Villager (Male) |
| 1:32 | Queue | Villager (Male) |
| 1:47 | Build | Lumber Camp |
| 1:51 | Queue | Villager (Male) |
| 1:51 | Queue | Villager (Male) |
| 2:01 | Queue | Villager (Male) |
| 2:02 | Queue | Villager (Male) |
| 2:20 | Queue | Villager (Male) |
| 2:20 | Queue | Villager (Male) |
| 2:28 | Queue | Villager (Male) |
| 2:28 | Queue | Villager (Male) |
| 2:40 | Queue | Villager (Male) |
| 2:41 | Queue | Villager (Male) |
| 2:56 | Queue | Villager (Male) |
| 2:56 | Queue | Villager (Male) |
| 3:08 | Build | House |
| 3:15 | Queue | Villager (Male) |
| 3:15 | Queue | Villager (Male) |
| 3:31 | Queue | Villager (Male) |
| 3:37 | Queue | Villager (Male) |
| 3:38 | Queue | Villager (Male) |
| 3:47 | Queue | Villager (Male) |
| 3:47 | Queue | Villager (Male) |
| 4:07 | Queue | Villager (Male) |
| 4:07 | Queue | Villager (Male) |
| 4:14 | Queue | Villager (Male) |
| 4:15 | Queue | Villager (Male) |
| 4:15 | Queue | Villager (Male) |
| 4:20 | Build | House |
| 4:31 | Queue | Villager (Male) |
| 4:36 | Build | Mill |
| 4:49 | Queue | Villager (Male) |
| 4:49 | Queue | Villager (Male) |
| 4:50 | Queue | Villager (Male) |
| 5:41 | Queue | Villager (Male) |
| 5:45 | Build | House |
| 5:56 | Queue | Villager (Male) |
| 5:59 | Queue | Villager (Male) |
| 6:20 | Build | Mill |
| 6:40 | Research | Feudal Age |
| 6:40 | Research | Feudal Age |
| 7:04 | Queue | Villager (Male) |
| 7:13 | Build | Mining Camp |
| 7:22 | Queue | Villager (Male) |
| 7:33 | Build | House |
| 7:46 | Queue | Villager (Male) |
| 7:58 | Build | Barracks |
| 8:10 | Queue | Villager (Male) |
| 8:27 | Queue | Villager (Male) |
| 8:28 | Queue | Villager (Male) |
| 8:39 | Queue | Villager (Male) |
| 8:50 | Age | Feudal Age |
| 8:55 | Build | Archery Range |
| 9:02 | Build | Blacksmith |
| 9:12 | Queue | Villager (Male) |
| 9:16 | Build | House |
| 9:28 | Queue | Villager (Male) |
| 9:28 | Queue | Villager (Male) |
| 10:04 | Queue | Villager (Male) |
| 10:05 | Queue | Villager (Male) |
| 10:09 | Build | Mill |
| 10:12 | Build | House |
| 10:15 | Queue | Archer |
| 10:15 | Queue | Archer |
| 10:30 | Build | Lumber Camp |
| 10:33 | Research | Castle Age |
| 10:33 | Research | Castle Age |
| 10:39 | Queue | Archer |
| 10:43 | Queue | Spearman |
| 10:56 | Queue | Archer |
| 10:57 | Queue | Villager (Male) |
| 10:57 | Queue | Villager (Male) |
| 11:13 | Queue | Archer |
| 11:23 | Queue | Villager (Male) |
| 11:28 | Build | Archery Range |
| 11:34 | Queue | Villager (Male) |
| 11:37 | Build | House |
| 11:39 | Research | Wheelbarrow |
| 11:39 | Research | Wheelbarrow |
| 11:46 | Research | Double-Bit Axe |
| 11:46 | Research | Double-Bit Axe |
| 11:48 | Queue | Archer |
| 12:02 | Queue | Villager (Male) |
| 12:17 | Queue | Villager (Male) |
| 12:25 | Build | Farm |
| 12:26 | Build | Farm |
| 12:29 | Queue | Archer |
| 12:29 | Queue | Archer |
| 12:32 | Research | Fletching |
| 12:41 | Build | House |
| 12:42 | Build | House |
| 12:45 | Queue | Archer |
| 12:50 | Queue | Spearman |
| 12:56 | Research | Horse Collar |
| 13:00 | Build | Farm |
| 13:08 | Queue | Villager (Male) |
| 13:12 | Build | House |
| 13:12 | Build | House |
| 13:13 | Age | Castle Age |
| 13:30 | Queue | Villager (Male) |
| 13:39 | Queue | Villager (Male) |
| 13:39 | Queue | Villager (Male) |
| 13:49 | Build | Mining Camp |
| 13:51 | Queue | Archer |
| 13:51 | Queue | Archer |
| 13:53 | Queue | Villager (Male) |
| 13:53 | Queue | Villager (Male) |
| 13:55 | Build | Farm |
| 13:55 | Build | Farm |
| 13:57 | Build | Farm |
| 14:04 | Research | Bodkin Arrow |
| 14:04 | Research | Bodkin Arrow |
| 14:07 | Build | Watch Tower |
| 14:13 | Build | Watch Tower |
| 14:18 | Queue | Villager (Male) |
| 14:21 | Build | Mining Camp |
| 14:33 | Queue | Archer |
| 14:34 | Queue | Archer |
| 14:35 | Queue | Villager (Male) |
| 14:35 | Queue | Villager (Male) |
| 14:41 | Queue | Archer |
| 14:53 | Queue | Villager (Male) |
| 14:54 | Queue | Villager (Male) |
| 14:55 | Build | Farm |
| 14:55 | Build | Farm |
| 15:01 | Build | Watch Tower |
| 15:08 | Queue | Villager (Male) |
| 15:08 | Queue | Villager (Male) |
| 15:14 | Build | Farm |
| 15:22 | Queue | Villager (Male) |
| 15:27 | Queue | Villager (Male) |
| 15:35 | Queue | Villager (Male) |
| 15:46 | Queue | Villager (Male) |
| 16:02 | Build | Watch Tower |
| 16:04 | Build | Watch Tower |
| 16:10 | Queue | Villager (Male) |
| 16:11 | Queue | Archer |
| 16:12 | Queue | Archer |
| 16:29 | Queue | Villager (Male) |
Build order — Oni.FreakinAndy
First 150 of 224 actions detected
| 0:00 | Queue | Villager (Male) |
| 0:00 | Queue | Villager (Male) |
| 0:00 | Queue | Villager (Male) |
| 0:01 | Build | House |
| 0:02 | Build | House |
| 0:12 | Queue | Villager (Male) |
| 0:45 | Research | Loom |
| 0:54 | Queue | Villager (Male) |
| 1:16 | Queue | Villager (Male) |
| 1:16 | Queue | Villager (Male) |
| 1:23 | Queue | Villager (Male) |
| 1:46 | Queue | Villager (Male) |
| 1:55 | Queue | Villager (Male) |
| 2:14 | Queue | Villager (Male) |
| 2:22 | Queue | Villager (Male) |
| 2:25 | Build | House |
| 2:26 | Build | House |
| 2:39 | Queue | Villager (Male) |
| 2:39 | Queue | Villager (Male) |
| 3:08 | Queue | Villager (Male) |
| 3:12 | Build | Lumber Camp |
| 3:20 | Queue | Villager (Male) |
| 3:30 | Queue | Villager (Male) |
| 3:35 | Queue | Villager (Male) |
| 4:02 | Queue | Villager (Male) |
| 4:02 | Queue | Villager (Male) |
| 4:03 | Queue | Villager (Male) |
| 4:03 | Queue | Villager (Male) |
| 4:18 | Queue | Villager (Male) |
| 4:18 | Queue | Villager (Male) |
| 4:32 | Queue | Villager (Male) |
| 4:34 | Build | House |
| 4:35 | Build | House |
| 5:02 | Queue | Villager (Male) |
| 5:15 | Queue | Villager (Male) |
| 5:22 | Build | House |
| 5:22 | Build | House |
| 5:24 | Queue | Villager (Male) |
| 5:25 | Queue | Villager (Male) |
| 5:33 | Queue | Villager (Male) |
| 5:33 | Queue | Villager (Male) |
| 5:43 | Queue | Villager (Male) |
| 5:43 | Queue | Villager (Male) |
| 5:48 | Queue | Villager (Male) |
| 6:14 | Queue | Villager (Male) |
| 6:16 | Build | Mill |
| 6:25 | Queue | Villager (Male) |
| 6:25 | Queue | Villager (Male) |
| 6:57 | Research | Feudal Age |
| 6:57 | Research | Feudal Age |
| 7:07 | Build | Mining Camp |
| 7:15 | Queue | Villager (Male) |
| 7:15 | Queue | Villager (Male) |
| 7:34 | Build | Lumber Camp |
| 7:36 | Queue | Villager (Male) |
| 7:39 | Build | Palisade Wall |
| 7:43 | Queue | Villager (Male) |
| 8:01 | Queue | Villager (Male) |
| 8:21 | Build | Mill |
| 8:29 | Queue | Villager (Male) |
| 8:35 | Build | House |
| 8:47 | Queue | Villager (Male) |
| 9:01 | Queue | Villager (Male) |
| 9:04 | Build | House |
| 9:08 | Age | Feudal Age |
| 9:08 | Build | House |
| 9:14 | Build | Market |
| 9:15 | Build | Blacksmith |
| 9:18 | Research | Double-Bit Axe |
| 9:27 | Build | Mining Camp |
| 9:31 | Queue | Villager (Male) |
| 9:39 | Build | House |
| 9:40 | Build | Palisade Wall |
| 9:44 | Build | House |
| 9:46 | Build | Palisade Wall |
| 10:09 | Build | Palisade Wall |
| 10:16 | Research | Castle Age |
| 10:16 | Research | Castle Age |
| 10:22 | Queue | Villager (Male) |
| 10:22 | Queue | Villager (Male) |
| 10:26 | Queue | Villager (Male) |
| 10:49 | Research | Gold Mining |
| 11:03 | Build | Palisade Wall |
| 11:06 | Queue | Villager (Male) |
| 11:12 | Queue | Villager (Male) |
| 11:32 | Queue | Villager (Male) |
| 11:36 | Research | Wheelbarrow |
| 11:37 | Research | Wheelbarrow |
| 11:41 | Queue | Villager (Male) |
| 12:02 | Queue | Villager (Male) |
| 12:16 | Queue | Villager (Male) |
| 12:30 | Queue | Villager (Male) |
| 12:36 | Queue | Villager (Male) |
| 12:37 | Research | Horse Collar |
| 12:40 | Build | Farm |
| 12:40 | Build | Farm |
| 12:41 | Build | Farm |
| 12:41 | Build | Farm |
| 12:56 | Age | Castle Age |
| 13:00 | Research | Bow Saw |
| 13:17 | Build | Castle |
| 13:19 | Research | Fletching |
| 13:20 | Research | Fletching |
| 13:22 | Build | House |
| 13:23 | Queue | Villager (Male) |
| 13:38 | Research | Scale Mail Armor |
| 13:40 | Queue | Villager (Male) |
| 13:42 | Build | Siege Workshop |
| 13:44 | Build | House |
| 13:49 | Build | Farm |
| 13:50 | Build | Farm |
| 13:53 | Build | Farm |
| 13:56 | Queue | Villager (Male) |
| 13:59 | Build | Town Center |
| 14:03 | Queue | Villager (Male) |
| 14:08 | Build | Stone Wall |
| 14:11 | Build | Stone Wall |
| 14:16 | Build | Farm |
| 14:19 | Queue | Villager (Male) |
| 14:24 | Build | Farm |
| 14:27 | Queue | Battering Ram |
| 14:49 | Queue | Woad Raider |
| 14:50 | Build | Farm |
| 14:51 | Queue | Villager (Male) |
| 14:51 | Queue | Villager (Male) |
| 14:54 | Build | Mining Camp |
| 15:05 | Queue | Woad Raider |
| 15:05 | Queue | Woad Raider |
| 15:10 | Build | Farm |
| 15:21 | Queue | Battering Ram |
| 15:21 | Queue | Battering Ram |
| 15:30 | Queue | Woad Raider |
| 15:34 | Queue | Villager (Male) |
| 15:43 | Queue | Woad Raider |
| 15:43 | Queue | Woad Raider |
| 15:49 | Queue | Villager (Male) |
| 15:57 | Queue | Villager (Male) |
| 16:01 | Build | Mining Camp |
| 16:05 | Queue | Woad Raider |
| 16:25 | Queue | Woad Raider |
| 16:38 | Queue | Villager (Male) |
| 16:56 | Queue | Battering Ram |
| 16:56 | Queue | Battering Ram |
| 17:05 | Build | Farm |
| 17:06 | Queue | Woad Raider |
| 17:12 | Queue | Woad Raider |
| 17:24 | Build | Gate |
| 17:26 | Build | Stone Wall |
| 17:32 | Queue | Woad Raider |
| 17:32 | Queue | Woad Raider |
Match timeline
| 7:39 | Oni.FreakinAndy · wall_segment Palisade Wall x5 |
| 7:58 | [TMG] Lucipher · first_building Barracks |
| 8:50 | [TMG] Lucipher · age_up feudal |
| 8:55 | [TMG] Lucipher · first_building Archery Range |
| 9:08 | Oni.FreakinAndy · age_up feudal |
| 9:40 | Oni.FreakinAndy · wall_segment Palisade Wall x4 |
| 9:46 | Oni.FreakinAndy · wall_segment Palisade Wall x2 |
| 10:09 | Oni.FreakinAndy · wall_segment Palisade Wall x7 |
| 10:11 | Oni.FreakinAndy · first_market_buy 100 food |
| 10:12 | Oni.FreakinAndy · first_market_sell 100 wood |
| 11:03 | Oni.FreakinAndy · wall_segment Palisade Wall x3 |
| 12:56 | Oni.FreakinAndy · age_up castle |
| 13:13 | [TMG] Lucipher · age_up castle |
| 13:17 | Oni.FreakinAndy · first_building Castle |
| 13:42 | Oni.FreakinAndy · first_building Siege Workshop |
| 14:08 | Oni.FreakinAndy · wall_segment Stone Wall x6 |
| 14:11 | Oni.FreakinAndy · wall_segment Stone Wall x8 |
| 17:26 | Oni.FreakinAndy · wall_segment Stone Wall x1 |
| 20:10 | [TMG] Lucipher · first_building Siege Workshop |
| 23:45 | [TMG] Lucipher · resign |
[ AI ANALYSIS · 1 CREDIT ]
What really happened in this match?
Wolo.gg analyzes every decision: build order, eco, micro, common mistakes by bracket. Personalized analysis on WhatsApp or Discord in 30 seconds.
Civ guide
Koreans
Perfil
Jugador #677003